 Dungeon Crawl Stone Soup version 0.27-a0-906-g0a00ce863d (webtiles) character file.

Game seed: 9843304835631135890

4 jestyr24 the Magician (level 1, -7/15 HPs)
             Began as a Djinni Venom Mage on Apr 6, 2021.
             Mangled by a polar bear (21 damage)
             ... created by the rage of Trog
             ... on level 1 of the Dungeon.
             The game lasted 00:01:52 (166 turns).

jestyr24 the Magician (Djinni Venom Mage)            Turns: 166, Time: 00:01:53

Health: -7/15      AC:  2    Str:  7    XL:     1   Next: 60%
Gold:   0          EV: 12    Int: 16    God:
                   SH:  0    Dex: 13

rFire    + + .     SeeInvis .   (no weapon)
rCold    x . .     Faith    .   (no shield)
rNeg     . . .     Spirit   .   a - +0 robe
rPois    ∞         Reflect  .   (no helmet)
rElec    .         Harm     .   (no cloak)
rCorr    .         Rampage  .   (no gloves)
Will     .....                  (boots unavailable)
Stlth    ++........             (no amulet)
HPRegen  0.05/turn              (no ring)
MPRegen  0.00/turn              (no ring)

@: flying
A: fire resistance 2, cold vulnerability 1, float, innate caster, hp casting,
extra vitality 1
a: no special abilities


You were on level 1 of the Dungeon.
You visited 1 branch of the dungeon, and saw 1 of its levels.

Inventory:

Armour
 a - a +0 robe (worn)
Scrolls
 c - a scroll of immolation {unknown}
Potions
 b - a potion of heal wounds {unknown}


   Skills:
 - Level 2.1 Dodging
 - Level 1.5 Stealth
 + Level 2.9 Spellcasting


You couldn't memorise any spells.
You knew the following spells:

 Your Spells              Type           Power      Damage    Failure   Level
a - Sting                 Tmut/Pois      44%        1d5       5%          1
b - Poisonous Vapours     Pois/Air       22%        N/A       9%          2
c - Mephitic Cloud        Conj/Pois/Air  11%        N/A       17%         3
d - Ignite Poison         Fire/Tmut/Pois 11%        N/A       17%         3
e - Olgreb's Toxic Radia  Pois           11%        N/A       50%         4
Your spell library was empty.

Dungeon Overview and Level Annotations

Branches:
Dungeon (1/15)

Altars:
Trog


Innate Abilities, Weirdness & Mutations

You are immune to poison.
Your flesh is very heat resistant. (rF++)
You are vulnerable to cold. (rC-)
You float through the air rather than walking.
You learn spells naturally, not from books.
Your magical power is your life essence.
You have superior vitality. (+4 HP)


Message History

The sting hits the giant cockroach.
The giant cockroach is poisoned.
The giant cockroach is heavily wounded.
The giant cockroach bites you.
You kill the giant cockroach!
Casting: Sting (safe; 6% risk of failure)
Confirm with . or Enter, or press ? or * to list all spells.
You aren't experienced enough to cast this spell.
The sting misses the goblin.
The sting hits the goblin.
The goblin is poisoned.
The goblin is severely wounded.
You kill the goblin!
You start resting.
HP restored.
c - a scroll labelled MIMMUC ODOAHOJACK
There is a faded altar of an unknown god here.
You cannot tell which god this altar belongs to.
Convert to them anyway?
Trog accepts your prayer! Trog welcomes you!
You can now go berserk at will.
Really renounce your faith, foregoing its fabulous benefits?
Are you sure?
You have lost your religion!
Trog does not appreciate desertion!
You need to enable at least one skill for training.
You see here a +0 dagger.
A hobgoblin comes into view.
You can't see any susceptible monsters within range! (Use Z to cast anyway.)
The sting hits the hobgoblin.
The hobgoblin is poisoned.
The hobgoblin is moderately wounded.
The hobgoblin shouts!
You kill the hobgoblin!
Trog sends monsters to punish you.
A polar bear and a black bear come into view.
The black bear rages.
The polar bear barely misses you. The polar bear misses you.
The polar bear barely misses you.
The sting hits the polar bear but does no damage.
The polar bear is poisoned.
The polar bear bites you!!
Ouch! That really hurt!
You die...

#†.# #..# #..# #..#
#..####### ##### ###
#..##....# #...# #..
#..h.....# #...# #..
###h#....###...###..
#@#...............
#.#...............
#.#.........(..(..
#.#....###...###..
####.#....# #.>.#
#.> #.._......#
#...# #..
#......#### #####
### #....).#
#......##


You could see a polar bear (berserk, poisoned) and a black bear (berserk).

Vanquished Creatures
  A giant cockroach (D:1)
  A goblin (D:1)
  A hobgoblin (D:1)
3 creatures vanquished.

Notes
Turn   | Place    | Note
-------+----------+-------------------------------------------
     0 | D:1      | jestyr24 the Djinni Venom Mage began the quest for the Orb.
     0 | D:1      | Reached XP level 1. HP: 15/15 MP: 0/0
    17 | D:1      | Found a faded altar of an unknown god.
   125 | D:1      | Became a worshipper of Trog the Wrathful
   125 | D:1      | Reached * piety under Trog
   126 | D:1      | Fell from the grace of Trog
   160 | D:1      | Noticed a polar bear
   160 | D:1      | Noticed a black bear
   166 | D:1      | Mangled by a polar bear

Illustrated notes

Levels and vault maps discovered:
D:1:      minmay_arrival_hallway, layout_loops_ring, basic_ecumenical_altar

Action                   || total
-------------------------++-------
 Cast: Sting             ||     6
Invok: Renounce Religion ||     1
Dodge: Dodged            ||     3

Table legend: (Time is in decaauts)
 A = Elapsed time spent in this place.
 B = Non-inter-level travel time spent in this place.
 C = Inter-level travel time spent in this place.
 D = Time resting spent in this place.
 E = Time spent auto-exploring this place.
 F = Levels seen in this place.
 G = Mean time per level.
                   A        B        C        D        E       F      G
               +--------+--------+--------+--------+--------+-----+--------+
         Total |    166 |    166 |      0 |     92 |     38 |   1 |  166.0 |
       Dungeon |    166 |    166 |      0 |     92 |     38 |   1 |  166.0 |
               +--------+--------+--------+--------+--------+-----+--------+

Top non-repeatable levels by time:
     D:1: 166 daAuts
